 Dungeon Crawl Stone Soup version 0.29.0-4-gdea44cf6ec (webtiles) character file.

Game seed: 4657049562527624250

49 GigaChad the Vexing (level 4, -2/33 HPs)
             Began as a Formicid Arcane Marksman on Aug 26, 2022.
             Slain by Natasha (7 damage)
             ... on level 2 of the Dungeon.
             The game lasted 00:04:06 (904 turns).

GigaChad the Vexing (Formicid Arcane Marksman)       Turns: 904, Time: 00:04:07

Health: -2/33      AC:  2    Str: 15    XL:     4   Next: 1%
Magic:  5/5        EV: 12    Int: 14    God:
Gold:   25         SH:  0    Dex: 14    Spells: 4/5 levels left

rFire   . . .      SeeInvis +   a - +1 sling
rCold   . . .      Faith    .   (no shield)
rNeg    . . .      Spirit   .   c - +0 robe
rPois   .          Reflect  .   (helmet unavailable)
rElec   .          Harm     .   (no cloak)
rCorr   .          Rampage  .   (no gloves)
Will    .....                   (no boots)
Stlth   +.........              d - amulet of regeneration
HPRegen 0.91/turn               g - ring of flight
MPRegen 0.09/turn               (no ring)

@: flying
A: permanent stasis, dig shafts and tunnels, antennae 3, four strong arms
a: Dig, Shaft Self


You were on level 2 of the Dungeon.
You visited 1 branch of the dungeon, and saw 2 of its levels.

You collected 25 gold pieces.

Inventory:

Hand Weapons
 a - a +1 sling (weapon)
Missiles
 j - a throwing net
Armour
 c - a +0 robe (worn)
Jewellery
 d - an amulet of regeneration (around neck)
 e - an amulet of regeneration
 g - a ring of flight (left hand)
Scrolls
 b - a scroll of poison
 f - a scroll of identify {unknown}
 h - a scroll of blinking {unknown}
 i - a scroll of magic mapping {unknown}


   Skills:
 + Level 1.8 Fighting
 + Level 3.3 Ranged Weapons
 + Level 1.8 Dodging
 + Level 1.1 Spellcasting
 + Level 4.0 Hexes


You had 4 spell levels left.
You knew the following spells:

 Your Spells              Type           Power      Damage    Failure   Level
a - Slow                  Hex            44%        N/A       4%          1

Your spell library contained the following spells:

 Spells                   Type           Power      Damage    Failure   Level
 Inner Flame              Hex/Fire       6%         N/A       34%         3
 Portal Projectile        Hex/Tloc       12%        N/A       34%         3
 Cause Fear               Hex            5%         N/A       45%         4
 Conjure Flame            Conj/Fire      0%         6-21      61%         3
 Ignite Poison            Fire/Tmut/Pois 0%         N/A       61%         3
 Sticky Flame             Conj/Fire      0%         2d3       95%         4


Dungeon Overview and Level Annotations

Branches:
Dungeon (2/15)

Altars:

Annotations:
D:2 Natasha


Innate Abilities, Weirdness & Mutations

You cannot be hasted, slowed, berserked, paralysed or teleported.
You can dig through walls and to a lower floor.
You have a pair of large antennae on your head. (SInv)
Your four strong arms can wield two-handed weapons with a shield.


Message History

You see here a +0 ring mail.
There is a stone staircase leading up here.
j - a throwing net Natasha, Servant of Life and Death comes into view.
You shoot a sling bullet. The sling bullet hits Natasha.
Natasha is lightly wounded.
Natasha barely misses you.
You shoot a sling bullet. The sling bullet hits Natasha.
Natasha is heavily wounded.
Natasha claws you.
You shoot a sling bullet.
The sling bullet closely misses Natasha.
Natasha misses you.
You shoot a sling bullet. The sling bullet hits Natasha.
Natasha is severely wounded.
Natasha claws you! Natasha claws you.
You are too injured to fight recklessly!
You are too injured to fight recklessly!
You are too injured to fight recklessly!
You are too injured to fight recklessly!
You are too injured to fight recklessly!
You clumsily bash Natasha but do no damage.
Natasha is severely wounded.
Natasha stares at you and mumbles some strange words.
The magic dart hits you!
You barely miss Natasha.
Natasha is severely wounded.
Natasha casts a spell at you. You resist with some effort.
Natasha mumbles some strange words.
You clumsily bash Natasha but do no damage.
Natasha is severely wounded.
Natasha claws you.
* * * LOW HITPOINT WARNING * * *
The crimson imp hits you.
* * * LOW HITPOINT WARNING * * *
You closely miss Natasha.
Natasha is severely wounded.
The crimson imp barely misses you. Natasha claws you!
You die...

#.### #.# #.###
##.## #.#..
#...# #.#.# ...#
#####.#.# ...
#......#. #.#
#.###.#.#
#####.# #.#
#.#.# #@5...#
#.# #.# #
#h###.####.# #.#
# #.##.......#
#.# #
#.##..####.# ...
# #.##..#
#.#.#.# #
#.##..####<#.#.#
#
...............#
#
##.#..####[#####
# #.........#


You could see Natasha and a crimson imp (summoned).

Vanquished Creatures
  An adder (D:2)
  A dart slug (D:1)
  3 orcs (D:2)
  A ball python (D:1)
  2 endoplasms (D:1)
  4 giant cockroaches (D:1)
  2 hobgoblins (D:2)
  2 kobolds (D:1)
  A quokka (D:1)
  5 bats
  A frilled lizard (D:1)
  5 goblins
  4 rats
32 creatures vanquished.

Notes
Turn   | Place    | Note
-------+----------+-------------------------------------------
     0 | D:1      | GigaChad the Formicid Arcane Marksman began the quest for
                  | the Orb.
     0 | D:1      | Reached XP level 1. HP: 15/15 MP: 2/2
   186 | D:1      | Reached XP level 2. HP: 16/21 MP: 3/3
   430 | D:1      | Reached XP level 3. HP: 27/27 MP: 4/4
   452 | D:1      | Reached skill level 4 in Hexes
   819 | D:2      | Reached XP level 4. HP: 32/33 MP: 5/5
   895 | D:2      | Noticed Natasha
   904 | D:2      | Slain by Natasha

Illustrated notes

Levels and vault maps discovered:
D:1:      ebering_trefoil_3fold, layout_basic, hangedman_decor_diamond_cutter,
          hangedman_abyss_or_decor_lesser_grid, minmay_lizard_king
D:2:      layout_loops_ring, basic_altar, grunt_ministairs_3,
          grunt_decor_fettered, serial_bayou_pond_c, st_stairs_9,
          guppyfry_early_orc_mine, uniq_natasha

Skill      XL: |  1  2  3 |
---------------+----------+-----
Hexes          | 4 |  4.0
Ranged Weapons | 3 |  3.3
Fighting       | |  1.8
Dodging        | |  1.8
Spellcasting   | |  1.1

Action                   |  1- 3 |  4- 6 || total
-------------------------+-------+-------++-------
Melee: Sling             |     1 |     4 ||     5
 Fire: Sling             |    95 |     5 ||   100
  Use: Scroll            |     1 |       ||     1
Armor: Robe              |    13 |       ||    13
Dodge: Dodged            |    40 |     3 ||    43
